 Dungeon Crawl Stone Soup version 0.31-a0-596-g831eee08f1 (webtiles) character file.

Game seed: 14234098303610157389

563 BubbleThief the Ruffian (level 7, 0/49 HPs)
             Began as an Octopode Shapeshifter on Aug 21, 2023.
             Slain by Pikel
             ... wielding a +1 whip of freezing
              (11 damage)
             ... on level 4 of the Dungeon.
             The game lasted 00:05:25 (3667 turns).

BubbleThief the Ruffian (Octopode Shapeshifter)     Turns: 3667, Time: 00:05:25

Health: 0/49       AC:  1    Str: 17    XL:     7   Next: 32%
Magic:  7/7        EV: 13    Int: 10    God:
Gold:   192        SH:  0    Dex: 12    Spells: 6/6 levels left

rFire   . .          .
                       - Unarmed
rCold   . . .        (no shield)
rNeg    . . .        (helmet currently unavailable)
rPois   .            (no amulet)
rElec   .            (no ring)
rCorr   .            (no ring)
SInv    .            (no ring)
Will    .....        (no ring)
Stlth   ++           (no ring)
HPRegen 0.28/turn    (no ring)
MPRegen 0.10/turn    (no ring)
                     (no ring)

%: no passive effects
@: confused, beast-form, hasted, very quick
A: beast (slay +3), almost no armour, amphibious, 8 rings, camouflage 1,
gelatinous body 1, (nimble swimmer 1), tentacles
a: Begin Untransformation


You were on level 4 of the Dungeon.
You were a hulking beast.
You visited 1 branch of the dungeon, and saw 4 of its levels.

You collected 192 gold pieces.

Inventory:

Talismans
 b - a beast talisman (active)
 c - a flux talisman
 k - a granite talisman
Wands
 i - a wand of roots (14)
Scrolls
 d - a scroll of identify
 e - a scroll of brand weapon {unknown}
 f - 2 scrolls of noise {unknown}
 g - a scroll of immolation {unknown}
 m - 2 scrolls of blinking {unknown}
 n - 2 scrolls of teleportation {unknown}
 o - a scroll of vulnerability {unknown}
Potions
 a - a potion of lignification
 h - a potion of haste
 j - 3 potions of might {unknown}
 l - 2 potions of curing {unknown}
 p - a potion of ambrosia {unknown}


   Skills:
 + Level 4.3 Fighting
 - Level 2.0 Dodging
 + Level 5.2 Unarmed Combat
 + Level 4.7 Shapeshifting


You had 6 spell levels left.
You didn't know any spells.
Your spell library contained the following spells:

 Spells                   Type           Power      Damage    Failure   Level
 Sublimation of Blood     Necr           0%         N/A       50%         2
 Wereblood                Tmut           0%         N/A       50%         2
 Summon Hydra             Summ           0%         N/A       100%        7


Dungeon Overview and Level Annotations

Branches:
Dungeon (4/15)
 Temple: D:4-7

Altars:
Nemelex Xobeh

Shops:
D:2 (=(*   D:3 (

Annotations:
D:4 Pikel


Innate Abilities, Weirdness & Mutations

You are a hulking beast.
Your limbs bulge with bestial killing power. (Slay +3)
You cannot wear most types of armour.
You are amphibious.
You can wear up to eight rings at the same time.
Your skin changes colour to match your surroundings (Stealth+).
Your rubbery body absorbs attacks. (AC +1, EV +1)
((You are camouflaged when in or above water. (Stealth+)))
You have tentacles for arms and can constrict up to eight enemies at once.


Message History

Pikel zaps a wand.
Your will is overpowered!
You are confused.
You feel less confused.
Pikel zaps a wand.
Your will is overpowered!
You are confused.
Pikel zaps a wand.
Your will is overpowered!
You are more confused.
You tentacle-slap the lemure.
The lemure is lightly wounded.
The lemure barely misses you.
You bump into the rock wall.
You bump into the rock wall.
You closely miss Pikel. Your squeeze misses Pikel.
Pikel hits you with a +1 whip of freezing!
Pikel freezes you.
Press: ? - help, v - describe, . - travel
Here: Pikel, wielding a +1 whip of freezing, wearing a +0 robe and carrying a wand of charming The floor.
Unknown command.
You bump into the rock wall.
Pikel hits you with a +1 whip of freezing!
Pikel freezes you.
You bump into the rock wall.
Pikel zaps a wand.
You resist with some effort.
You miss Pikel.
You tentacle-slap Pikel, but do no damage.
Pikel hits you with a +1 whip of freezing!
Pikel freezes you.
You feel yourself speed up.
Pikel zaps a wand.
You resist with some effort.
You're too confused to move!
Pikel zaps a wand.
Your will is overpowered!
You are more confused.
You bump into the rock wall.
You barely miss Pikel. Your squeeze misses Pikel.
Pikel hits you with a +1 whip of freezing!
* * * LOW HITPOINT WARNING * * *
Pikel freezes you.
* * * LOW HITPOINT WARNING * * *
You closely miss Pikel.
Your tentacle-slap misses Pikel.
Pikel hits you with a +1 whip of freezing!
You die...
Pikel says, "See you in Hell!"

#..###..#
#.....................
##.# ####
#.....................
##.##
#..................5..
##..#
#.............######..
....# #.............#
##. ....##
#......5.....## ##
.....# #######5######
.....# ##K## ..##(##
###h## .###..####
##..######## ## #..##.#
##..........## #
##....###............#
##....##..#..........##
#.....#..##...........#
###.########..........#
### #.........##
##........#


You could see Pikel and 2 lemures.

Vanquished Creatures
  Grinder (D:3)
  2 lemures (D:4)
  Blork the orc (D:4)
  An orc priest (D:3)
  Ijyb (D:3)
  Terence (D:2)
  Natasha (thrice) (D:3)
  An orc wizard (D:4)
  A gnoll (D:1)
  2 adders (D:2)
  A worm (D:2)
  A dart slug (D:3)
  8 orcs
  9 endoplasms
  3 giant cockroaches
  7 goblins
  7 hobgoblins
  6 jackals
  4 quokkas
  7 ball pythons
  4 bats
  3 frilled lizards
  6 kobolds
  8 rats (D:1)
88 creatures vanquished.

Notes
Turn   | Place    | Note
-------+----------+-------------------------------------------
     0 | D:1      | BubbleThief the Octopode Shapeshifter began the quest for
                  | the Orb.
     0 | D:1      | Reached XP level 1. HP: 13/13 MP: 1/1
    62 | D:1      | Reached XP level 2. HP: 10/18 MP: 2/2
   546 | D:1      | Reached XP level 3. HP: 24/24 MP: 3/3
   907 | D:2      | Found a sparkling altar of Nemelex Xobeh.
   962 | D:2      | Reached XP level 4. HP: 23/29 MP: 4/4
  1255 | D:2      | Found Daginnorphe's General Store.
  1272 | D:2      | HP: 1/30 [giant cockroach (2)]
  1428 | D:2      | Found Iqulem's Antique Weapon Emporium.
  1479 | D:2      | Found Nyky Bigh's Jewellery Shoppe.
  1506 | D:2      | Noticed Terence
  1515 | D:2      | Killed Terence
  1539 | D:2      | Found Paiga's Weapon Boutique.
  2072 | D:3      | Noticed Natasha
  2090 | D:3      | Reached skill level 4 in Unarmed Combat
  2099 | D:3      | Killed Natasha
  2100 | D:3      | Reached XP level 5. HP: 22/36 MP: 5/5
  2214 | D:3      | Found Kazen's Weapon Shop.
  2290 | D:3      | Noticed Ijyb
  2299 | D:3      | Killed Ijyb
  2433 | D:3      | Noticed Natasha
  2436 | D:3      | Killed Natasha
  2462 | D:3      | Noticed Grinder
  2573 | D:3      | Noticed Natasha
  2579 | D:3      | Killed Natasha
  2580 | D:3      | Reached XP level 6. HP: 35/42 MP: 6/6
  3005 | D:3      | Killed Grinder
  3006 | D:3      | Reached skill level 5 in Unarmed Combat
  3006 | D:3      | Reached XP level 7. HP: 30/48 MP: 7/7
  3309 | D:4      | Noticed Blork the orc
  3319 | D:4      | Killed Blork the orc
  3521 | D:4      | Noticed Pikel
  3667 | D:4      | Slain by Pikel

Illustrated notes

Levels and vault maps discovered:
D:1:      matt_arrival_los_fun, layout_loops_ring
D:2:      layout_loops_corners, basic_altar, serial_shops,
          nicolae_shop_bloodbath_and_beyond, nicolae_shop_crystal, shop,
          shop_statue, chequers_serial_rivers_micro_b, item_on_display_a,
          uniq_terence
D:3:      layout_basic, serial_shops, nicolae_shop_back_alley_shop, uniq_ijyb,
          uniq_grinder, uniq_natasha
D:4:      layout_cave_pods, gammafunk_temple_overflow_forgotten,
          uniq_blork_the_orc, uniq_pikel, uniq_crazy_yiuf_cottage

Skill      XL: |  1  2  3  4  5  6 |
---------------+-------------------+-----
Fighting       | 2 3 4 |  4.3
Unarmed Combat | 4 5 |  5.2
Shapeshifting  | 4 |  4.7
Dodging        | |  2.0

Action                     |  1- 3 |  4- 6 |  7- 9 || total
---------------------------+-------+-------+-------++-------
  Melee: Unarmed           |    66 |    87 |    32 ||   185
         Constrict         |    18 |    21 |     7 ||    46
         Tentacles         |     9 |    22 |     3 ||    34
         Punch             |     2 |     2 |     5 ||     9
    Use: Potion            |       |     2 |     1 ||     3
         Scroll            |       |     2 |       ||     2
   Stab: Sleeping          |     8 |     1 |       ||     9
 Armour: Skin              |     2 |     1 |       ||     3
  Dodge: Dodged            |    38 |    61 |    12 ||   111

Table legend: (Time is in decaauts)
 A = Elapsed time spent in this place.
 B = Non-inter-level travel time spent in this place.
 C = Inter-level travel time spent in this place.
 D = Time resting spent in this place.
 E = Time spent auto-exploring this place.
 F = Levels seen in this place.
 G = Mean time per level.
                   A        B        C        D        E       F      G
               +--------+--------+--------+--------+--------+-----+--------+
         Total |   3666 |   3561 |    105 |    139 |   2757 |   4 |  916.5 |
       Dungeon |   3666 |   3561 |    105 |    139 |   2757 |   4 |  916.5 |
               +--------+--------+--------+--------+--------+-----+--------+

Top non-repeatable levels by time:
     D:2: 1114 daAuts
     D:3: 1108 daAuts
     D:1: 895 daAuts
     D:4: 548 daAuts
